Map: Ulrena

Players

MajeStic - Winner!

  • Race: Protoss Protoss
  • League: Grandmaster

Slide

  • Race: Terran Terran
  • League: Grandmaster

VOD

Have the link to the VOD?

Description

Time

  • Played on: Jan. 10, 2016, 4:04 a.m.
  • Length: 7:43
Show
View Real Time Build Order
Export as new Build Order

MajeStic Protoss - Winner!

Build Orders: Oracle Opening 

Get SALT Encoding   

  12  0:00  Probe (Chrono Boost)  
  13  0:11  Probe (Chrono Boost)  
  14  0:19  Pylon  
  14  0:22  Probe (Chrono Boost)  
  15  0:37  Gateway, Probe (Chrono Boost)  
  16  0:47  Assimilator  
  16  0:48  Probe (Chrono Boost)  
  17  0:58  Probe (Chrono Boost)  
  17  1:00  Assimilator  
  18  1:09  Probe (Chrono Boost)  
  19  1:16  Gateway  
  19  1:20  Probe (Chrono Boost)  
  20  1:26  Cybernetics Core  
  20  1:31  Probe (Chrono Boost)  
  21  1:41  Probe (Chrono Boost)  
  22  1:52  Probe (Chrono Boost)  
  23  2:19  Pylon  
  23  2:20  Pylon  
  23  2:25  Warp Gate  
  23  2:37  Stalker x2  
  23  2:38  Mothership Core (Chrono Boost)  
  29  2:46  Stargate  
  29  2:56  Probe (Chrono Boost)  
  30  3:05  Pylon  
  30  3:09  Nexus  
  29  3:16  Pylon  
  29  3:23  Probe (Chrono Boost)  
  29  3:25  Stalker, Sentry  
  34  3:35  Oracle (Chrono Boost)  
  37  3:47  Probe  
  38  3:59  Probe  
  39  4:07  Oracle (Chrono Boost)  
  40  4:11  Probe  
  39  4:23  Probe x2, Gateway  
  38  4:31  Stalker  
  38  4:32  Stalker  
  38  4:33  Probe  
  38  4:35  Probe  
  44  4:44  Probe  
  45  4:48  Probe  
  46  4:53  Oracle (Chrono Boost)  
  46  4:54  Probe  
  46  4:55  Stalker  
  52  5:00  Probe  
  52  5:03  Stalker  
  52  5:05  Probe  
  56  5:11  Gateway  
  56  5:12  Probe  
  57  5:20  Stalker  
  59  5:22  Stalker  
  55  5:37  Adept  
  55  5:38  Probe  
  55  5:39  Assimilator  
  58  5:43  Adept  
  58  5:46  Adept  
  58  5:48  Pylon  
  58  5:49  Pylon  
  62  5:59  Phoenix (Chrono Boost)  
  62  6:05  Probe, Assimilator  
  62  6:06  Probe  
  62  6:08  Pylon  
  64  6:11  Adept x2  
  64  6:12  Adept  
  64  6:17  Probe  
  71  6:19  Probe  
  71  6:20  Phoenix (Chrono Boost)  
  74  6:28  Adept  
  76  6:42  Pylon  
  76  6:43  Adept x3  
  76  6:45  Probe  
  82  6:48  Phoenix (Chrono Boost)  
  72  7:12  Gateway, Phoenix (Chrono Boost)  
  71  7:18  Stalker x3  
Show
View Real Time Build Order
Export as new Build Order

Slide Terran 

Build Orders: Cyclone Opening, Mech 

Get SALT Encoding   

  12  0:01  SCV  
  13  0:13  SCV  
  14  0:17  Supply Depot  
  14  0:25  SCV  
  14  0:28  Refinery  
  15  0:39  SCV  
  16  0:45  Barracks  
  16  0:51  SCV  
  17  1:00  Refinery  
  17  1:03  SCV  
  18  1:15  SCV  
  19  1:27  SCV  
  21  1:34  Factory  
  21  1:39  Supply Depot  
  21  1:46  Orbital Command  
  20  2:12  SCV  
  21  2:17  Factory Tech Lab  
  21  2:24  SCV  
  21  2:25  Barracks  
  22  2:36  SCV, Cyclone, Mag-Field Accelerator  
  26  2:44  Supply Depot  
  26  2:48  SCV  
  27  3:00  SCV  
  28  3:08  Cyclone  
  31  3:15  SCV  
  32  3:26  Command Center  
  32  3:27  SCV  
  30  3:39  SCV  
  30  3:40  Cyclone  
  32  3:49  Marine  
  32  3:51  SCV  
  32  3:55  Factory  
  33  4:03  SCV  
  34  4:15  SCV  
  32  4:26  Command Center  
  32  4:28  SCV  
  32  4:31  Barracks Reactor  
  33  4:36  Cyclone  
  36  4:39  Factory Tech Lab  
  36  4:40  SCV  
  37  4:52  SCV  
  38  4:54  Supply Depot  
  37  5:04  SCV  
  39  5:09  Siege Tank  
  39  5:12  Supply Depot  
  39  5:19  SCV  
  39  5:34  SCV, Siege Tank  
  43  5:41  Siege Tank  
  46  5:46  SCV  
  46  5:58  SCV  
  47  6:04  Command Center  
  47  6:05  Orbital Command  
  47  6:07  Siege Tank  
  47  6:10  SCV  
  51  6:12  Factory  
  51  6:18  Orbital Command  
  51  6:22  SCV  
  52  6:29  Refinery x2  
  52  6:30  SCV  
  53  6:34  SCV  
  53  6:36  Siege Tank  
  57  6:40  Engineering Bay  
  57  6:42  SCV  
  57  6:45  SCV  
  57  6:46  SCV  
  60  6:54  SCV  
  60  6:57  SCV  
  60  6:58  SCV  
  53  7:06  SCV  
  53  7:08  Siege Tank  
  43  7:10  SCV  
  40  7:17  Hellion  
  40  7:18  Hellion  
  40  7:19  SCV  
  40  7:21  SCV  
  45  7:23  SCV  
  46  7:31  SCV  
Tags
 
Add a new tag
Caveats
  • Supply blocks, unpowered buildings, or Contaminate may cause inaccurate times.
  • Supply counts are checked every 10 seconds.